 Dungeon Crawl Stone Soup version 0.21.0 (webtiles) character file.

18488 Miyamura the Nimble (level 12, 0/92 HPs)
             Began as a Vampire Wanderer on Jan 7, 2018.
             Was an Elder of Kikubaaqudgha.
             Slain by a komodo dragon (28 damage)
             ... on level 2 of the Lair of Beasts.
             The game lasted 00:51:03 (14618 turns).

Miyamura the Nimble (Vampire Wanderer)             Turns: 14618, Time: 00:51:04

Health: 0/92       AC: 10    Str: 13    XL:     12   Next: 28%
Magic:  24/24      EV: 16    Int: 16    God:    Kikubaaqudgha [****..]
Gold:   703        SH:  2    Dex: 15    Spells: 15/28 levels left

rFire    . . .     SeeInvis +   I - +9 scimitar (flame)
rCold    . . .     Gourm    .   (no shield)
rNeg     . . .     Faith    .   g - +2 ring mail {MR+}
rPois    .         Spirit   .   (no helmet)
rElec    .         Reflect  +   O - +0 cloak
rCorr    .         Harm     .   u - +0 pair of gloves
MR       +++..                  v - +0 pair of boots
Stlth    +++.......             n - +2 amulet of reflection
HPRegen  0.45/turn              k - ring of protection from magic
MPRegen  0.19/turn              y - ring of stealth

@: lethally poisoned (0 -> -3), regenerating quickly
A: fangs 3, see invisible, unbreathing
a: Receive Corpses, Renounce Religion


You were on level 2 of the Lair of Beasts.
You worshipped Kikubaaqudgha.
Kikubaaqudgha was greatly pleased with you.
You were almost alive.

You visited 3 branches of the dungeon, and saw 14 of its levels.

You collected 703 gold pieces.

Inventory:

Hand Weapons
 h - a +2 short sword of protection
 p - a +0 short sword of speed
 C - a +0 rapier of venom
 I - a +9 scimitar of flaming (weapon)
Missiles
 e - 43 arrows
Armour
 g - a +2 ring mail of magic resistance (worn)
 u - a +0 pair of gloves (worn)
 v - a +0 pair of boots (worn)
 O - a +0 cloak (worn)
 S - the +9 scales of the Dragon King {rPois rF+ rC+ MR+}
   (You found it on level 1 of the Lair of Beasts)

   It protects you from fire.
   It protects you from cold.
   It protects you from poison.
   It affects your resistance to hostile enchantments.
Jewellery
 k - a ring of protection from magic (left hand)
 n - a +2 amulet of reflection (around neck)
 y - a ring of stealth (right hand)
 Q - an uncursed ring of flight
 U - an uncursed ring of magical power {unknown}
Wands
 f - a wand of random effects (42)
 l - a wand of paralysis (4)
 r - a wand of acid (5)
 E - a wand of iceblast (6)
 P - a wand of disintegration (16)
Scrolls
 d - a scroll of torment
 i - 10 scrolls of remove curse
 j - 2 scrolls of fear
 m - 2 scrolls of amnesia
 q - 2 scrolls of teleportation
 t - 2 scrolls of blinking
 w - 3 scrolls of magic mapping
 L - a scroll of identify
 T - a scroll of enchant weapon
Potions
 b - 28 potions of blood
 o - 2 potions of agility
 s - a potion of flight
 x - 2 potions of cancellation
 z - a potion of resistance
 A - 3 potions of lignification
 B - 3 potions of might
 G - a potion of curing
 H - a potion of mutation
 J - a potion of brilliance
Books
 a - a book of Minor Magic

   Spells                             Type                      Level
   a - Magic Dart                     Conjuration                  1
   b - Blink                          Translocation                2
   c - Call Imp                       Summoning                    2
   d - Slow                           Hexes                        2
   e - Conjure Flame                  Conjuration/Fire             3
   f - Mephitic Cloud                 Conjuration/Poison/Air       3
 c - the Almanac of Transformation

   Spells                             Type                      Level
   a - Sticks to Snakes               Transmutation                2
   b - Passwall                       Transmutation/Earth          2
 D - Kikubaaqudgha's Catalogue of Sinister Secrets
   (Kikubaaqudgha gifted it to you on level 7 of the Dungeon)

   Spells                             Type                      Level
   a - Pain                           Necromancy                   1
   b - Corpse Rot                     Necromancy                   2
   c - Sublimation of Blood           Necromancy                   2
   d - Vampiric Draining              Necromancy                   3
 F - a book of Clouds

   Spells                             Type                      Level
   a - Poisonous Vapours              Poison/Air                   2
   b - Mephitic Cloud                 Conjuration/Poison/Air       3
   c - Conjure Flame                  Conjuration/Fire             3
   d - Freezing Cloud                 Conjuration/Ice/Air          6
   e - Ring of Flames                 Charms/Fire                  7
 N - Kikubaaqudgha's Incunabulum of Sinister Rituals
   (Kikubaaqudgha gifted it to you on level 10 of the Dungeon)

   Spells                             Type                      Level
   a - Animate Dead                   Necromancy                   4
   b - Excruciating Wounds            Charms/Necromancy            5
   c - Agony                          Necromancy                   5
   d - Dispel Undead                  Necromancy                   5
   e - Death Channel                  Necromancy                   6
Miscellaneous
 K - a phial of floods
 M - a crystal ball of energy
 R - a box of beasts


   Skills:
 + Level 7.6 Fighting
 - Level 7.4(8.2) Short Blades
 + Level 4.6(6.4) Long Blades
 - Level 2.5 Armour
 + Level 9.1 Dodging
 - Level 5.6 Stealth
 + Level 8.9 Spellcasting
 - Level 0.2 Conjurations
 + Level 7.9 Necromancy
 - Level 8.6 Transmutations
   Level 2.0 Earth Magic
 - Level 1.7 Evocations


You had 15 spell levels left.
You knew the following spells:

 Your Spells              Type           Power        Failure   Level  Hunger
a - Magic Dart            Conj           #...         19%         1    None
b - Blink                 Tloc           N/A          32%         2    None
d - Vampiric Draining     Necr           ####......   2%          3    #......
g - Agony                 Necr           ####....     22%         5    #####..
t - Sticks to Snakes      Tmut           ####....     1%          2    None


Dungeon Overview and Level Annotations

Branches:
Dungeon (11/15)            Temple (1/1) D:5            Lair (2/6) D:11
    Orc (0/2) D:11
  Swamp: Lair:2-4    Shoals: Lair:2-4     Snake: Lair:2-4    Spider: Lair:2-4

Altars:
Ashenzari
Cheibriados
Dithmenos
Elyvilon
Fedhas
Hepliaklqana
Kikubaaqudgha
Makhleb
Nemelex Xobeh
Okawaru
Qazlal
Ru
Sif Muna
Trog
Uskayaw
Vehumet
Wu Jian
Xom
Yredelemnul
Zin
The Shining One

Annotations:
D:7 Tovarisch's ghost, novice GrEE


Innate Abilities, Weirdness & Mutations

Your natural rate of healing is unusually fast.
You have razor-sharp teeth.
You have supernaturally acute eyesight. (SInv)
You can survive without breathing.


Message History

You are too injured to fight recklessly!
You are too injured to fight recklessly!
You hit the komodo dragon. You burn the komodo dragon.
The komodo dragon is heavily wounded.
You feel sick. The komodo dragon bites you!
You closely miss the komodo dragon.
The komodo dragon is heavily wounded.
You feel sick. The komodo dragon barely misses you.
You riposte.
You slash the komodo dragon! You burn the komodo dragon.
The komodo dragon is severely wounded.
You hit the komodo dragon. You burn the komodo dragon.
The komodo dragon is severely wounded.
You feel sick. The komodo dragon closely misses you.
You riposte.
You closely miss the komodo dragon.
The komodo dragon is severely wounded.
You hit the komodo dragon. You burn the komodo dragon.
The komodo dragon is almost dead.
You feel sick. The komodo dragon bites you!!
You die...
Kikubaaqudgha rasps: "You have failed me!
Welcome... oblivion!"

#(## # ## #.# ## # .#s. #.# #
..... ## #.## # ...##.#####
#..# ### ...#..#.####.# ###.#
...#$#.#.....##..### #....
............##.P..P##### ###..
.#.#...#..P.l@..†......####...
.........##.P##..#.#.#..÷.....
..#..#.P.P######.#####.####...
.....#)..## #.## ### ##.#
...#.P...# #..# #...
.#.......# #..# ##.# # ...####
#.## ##.. ##..# #P.# #..##
#.).


You could see a komodo dragon.

Vanquished Creatures
  2 hydras
  Erica (D:9)
  2 two-headed ogres
  An unseen horror (D:11)
  Pikel (D:9)
  2 black mambas
  A komodo dragon (Lair:1)
  3 spiny frogs
  4 blink frogs (Lair:2)
  A dream sheep (D:8)
  3 hippogriffs
  2 shadows (D:11)
  7 yaks
  Grum (D:8)
  A hungry ghost (D:8)
  A vampire mosquito (D:10)
  2 basilisks
  3 wargs (D:11)
  7 water moccasins
  3 porcupines
  5 orc warriors
  3 black bears
  A sky beast (D:7)
  2 slaves (D:9)
  3 ice beasts
  6 ogres
  2 wolves (D:8)
  2 centaurs
  6 crocodiles
  2 big kobolds
  6 bullfrogs
  A water moccasin zombie (D:6)
  A wyvern skeleton (D:10)
  3 scorpions
  10 killer bees (D:11)
  5 howler monkeys
  3 crimson imps
  A quasit (D:11)
  2 bullfrog zombies
  2 centaur skeletons
  6 orc priests
  A gnoll shaman (D:9)
  4 hounds
  3 jellies
  9 orc wizards
  A bullfrog skeleton (D:7)
  3 iguanas
  5 worker ants
  A hound skeleton (D:6)
  A worker ant zombie (D:5)
  5 gnolls
  7 adders
  An adder skeleton (D:4)
  A worm (D:3)
  2 dart slugs (D:2)
  5 leopard geckos
  43 orcs
  8 bats
  3 giant cockroaches
  9 goblins
  10 hobgoblins
  3 jackals
  12 kobolds
  4 quokkas
  3 ball pythons
  4 frilled lizards
  A leopard gecko zombie (D:7)
  8 rats
277 creatures vanquished.

Vanquished Creatures (collateral kills)
  3 two-headed ogres
  2 ugly things
  Prince Ribbit (D:7)
  A dream sheep (D:7)
  A vampire mosquito (D:10)
  2 slaves (D:9)
  An ogre (D:6)
  A centaur (D:11)
  2 big kobolds
  A crimson imp (D:7)
  2 hounds (D:9)
  3 gnolls
  A shadow imp (D:10)
  A leopard gecko (D:8)
  A giant cockroach (D:8)
  A quokka skeleton (D:8)
24 creatures vanquished.

Vanquished Creatures (others)
  A sky beast (D:5)
  17 fungi
  4 plants
22 creatures vanquished.

Grand Total: 323 creatures vanquished

Notes
Turn   | Place    | Note
-------+----------+-------------------------------------------
     0 | D:1      | Miyamura the Vampire Wanderer began the quest for the Orb.
     0 | D:1      | Miyamura set off with: a book of Minor Magic, a potion of lignification, the Almanac of Transformation, a +0 robe, a +0 dagger, a potion of blood
     0 | D:1      | Reached XP level 1. HP: 13/13 MP: 5/5
     0 | D:1      | Identified the Almanac of Transformation
     2 | D:1      | Learned a level 1 spell: Magic Dart
   428 | D:1      | Reached skill level 1 in Stealth
   569 | D:1      | Reached XP level 2. HP: 10/20 MP: 2/7
  1086 | D:1      | Learned a level 2 spell: Blink
  1089 | D:1      | Learned a level 2 spell: Sticks to Snakes
  1882 | D:3      | Reached skill level 1 in Short Blades
  1882 | D:3      | Reached XP level 3. HP: 3/25 MP: 3/8
  2449 | D:2      | Reached skill level 1 in Fighting
  2449 | D:2      | Reached skill level 1 in Dodging
  2449 | D:2      | Reached XP level 4. HP: 24/32 MP: 10/10
  2720 | D:2      | Reached XP level 5. HP: 37/37 MP: 11/11
  3190 | D:3      | HP: 1/37 [poisoned by an orc]
  3961 | D:3      | Found an iron altar of Okawaru.
  3961 | D:3      | Found an ornate altar of the Wu Jian Council.
  4038 | D:4      | Reached skill level 2 in Dodging
  4038 | D:4      | Reached XP level 6. HP: 40/43 MP: 12/12
  4083 | D:4      | Reached skill level 5 in Stealth
  4664 | D:5      | Entered Level 5 of the Dungeon
  4839 | D:5      | Noticed a sky beast
  4854 | D:5      | Killed a sky beast
  4854 | D:5      | Reached skill level 1 in Armour
  4854 | D:5      | Reached XP level 7. HP: 38/50 MP: 14/14
  4903 | D:5      | Reached skill level 3 in Dodging
  4960 | D:5      | Found a staircase to the Ecumenical Temple.
  4983 | Temple   | Entered the Ecumenical Temple
  5207 | Temple   | Became a worshipper of Kikubaaqudgha
  5410 | D:5      | Reached skill level 5 in Spellcasting
  5701 | D:6      | Got a brightly glowing leather armour
  5712 | D:6      | Identified the +2 leather armour "Hyddebua" {MR+ rCorr Int-4} (You found it on level 6 of the Dungeon)
  5778 | D:6      | Reached XP level 8. HP: 47/57 MP: 5/15
  6027 | D:6      | Reached skill level 4 in Dodging
  6141 | D:6      | Found a bloodstained altar of Trog.
  6226 | D:7      | Found a sparkling altar of Nemelex Xobeh.
  6226 | D:7      | Found a glowing silver altar of Zin.
  6226 | D:7      | Found a radiant altar of Vehumet.
  6227 | D:7      | Found a burning altar of Makhleb.
  6367 | D:7      | Noticed Tovarisch's ghost (novice GrEE)
  6439 | D:7      | Reached * piety under Kikubaaqudgha
  6439 | D:7      | Identified Kikubaaqudgha's Catalogue of Sinister Secrets (Kikubaaqudgha gifted it to you on level 7 of the Dungeon)
  6439 | D:7      | Received a gift from Kikubaaqudgha
  6445 | D:7      | Learned a level 3 spell: Vampiric Draining
  6663 | D:8      | Noticed Grum
  6788 | D:8      | Reached skill level 1 in Necromancy
  6788 | D:8      | Reached skill level 5 in Transmutations
  6886 | D:8      | Reached XP level 9. HP: 35/65 MP: 13/17
  6886 | D:8      | Killed Grum
  6886 | D:8      | Reached skill level 5 in Short Blades
  6886 | D:8      | Found a shimmering altar of Xom.
  6980 | D:8      | Reached skill level 5 in Dodging
  7015 | D:8      | Noticed a two-headed ogre
  7034 | D:8      | Killed a two-headed ogre
  7676 | D:8      | Noticed a two-headed ogre
  7680 | D:8      | Noticed a two-headed ogre
  7681 | D:8      | Noticed Prince Ribbit
  7706 | D:8      | Killed a two-headed ogre
  7706 | D:8      | Reached skill level 5 in Fighting
  7874 | D:7      | Reached skill level 6 in Dodging
  7875 | D:7      | Killed Prince Ribbit
  8067 | D:7      | Reached XP level 10. HP: 37/74 MP: 12/20
  8224 | D:8      | Noticed a two-headed hydra
  8227 | D:8      | Killed a one-headed hydra
  8242 | D:8      | Got an encrusted halberd {drain}
  8243 | D:8      | Identified the cursed +1 halberd of Untimely Demise {drain, rElec rC+ rN+} (You took it off a big kobold on level 8 of the Dungeon)
  8336 | D:7      | Killed a two-headed ogre
  8499 | D:8      | Reached ** piety under Kikubaaqudgha
  8786 | D:9      | Reached skill level 5 in Necromancy
  9149 | D:9      | Noticed Erica
  9186 | D:9      | Killed Erica
  9186 | D:9      | Reached skill level 7 in Dodging
  9422 | D:9      | Noticed a two-headed ogre
  9449 | D:9      | Killed a two-headed ogre
  9597 | D:9      | Noticed Pikel
  9634 | D:9      | Killed Pikel
  9634 | D:9      | Reached XP level 11. HP: 33/81 MP: 8/22
 10069 | D:10     | Entered Level 10 of the Dungeon
 10277 | D:10     | Noticed a red ugly thing
 10709 | D:10     | Noticed a two-headed ogre
 10718 | D:10     | Killed a two-headed ogre
 10718 | D:10     | Reached skill level 1 in Long Blades
 10909 | D:10     | Killed a red ugly thing
 11002 | D:10     | Reached *** piety under Kikubaaqudgha
 11002 | D:10     | Identified Kikubaaqudgha's Incunabulum of Sinister Rituals (Kikubaaqudgha gifted it to you on level 10 of the Dungeon)
 11002 | D:10     | Received a gift from Kikubaaqudgha
 11488 | D:11     | Noticed a red ugly thing
 11496 | D:11     | Killed a red ugly thing
 11769 | D:11     | Found a staircase to the Orcish Mines.
 11895 | D:11     | Noticed an unseen horror
 11905 | D:11     | Killed an unseen horror
 11905 | D:11     | Reached skill level 8 in Dodging
 12067 | D:11     | Reached **** piety under Kikubaaqudgha
 12428 | D:11     | Found a staircase to the Lair.
 12736 | Lair:1   | Entered Level 1 of the Lair of Beasts
 12817 | Lair:1   | Learned a level 5 spell: Agony
 12827 | Lair:1   | Found the +9 scales of the Dragon King {rPois rF+ rC+ MR+}
 13343 | Lair:1   | Reached XP level 12. HP: 73/91 MP: 24/24
 13813 | Lair:2   | Got a transparent chain mail
 13814 | Lair:2   | Identified the cursed +1 chain mail "Jodirec" {rElec} (You found it on level 2 of the Lair of Beasts)
 14243 | Lair:2   | Noticed a seven-headed hydra
 14273 | Lair:2   | Killed a four-headed hydra
 14273 | Lair:2   | Reached skill level 9 in Dodging
 14618 | Lair:2   | Slain by a komodo dragon

Skill      XL: |  1  2  3  4  5  6  7  8  9 10 11 12 |
---------------+-------------------------------------+-----
Stealth        | 1 2 3 4 5 |  5.6
Short Blades   | 1 2 3 4 6 7 |  7.4
Fighting       | 1 2 4 5 6 7 |  7.6
Dodging        | 1 2 3 4 6 7 8 9 |  9.1
Transmutations | 3 4 5 6 7 8 |  8.6
Armour         | 1 2 |  2.5
Spellcasting   | 5 6 7 8 |  8.9
Necromancy     | 1 4 5 7 |  7.9
Long Blades    | 3 4 |  4.6
Conjurations   | |  0.2
Earth Magic    | |  2.0
Evocations     | |  1.7

Action                   |  1- 3 |  4- 6 |  7- 9 | 10-12 || total
-------------------------+-------+-------+-------+-------++-------
Melee: Dagger            |    43 |       |       |       ||    43
       Bite              |     3 |    18 |    40 |    63 ||   124
       Short sword       |    51 |   155 |   148 |       ||   354
       Rapier            |       |       |   151 |   190 ||   341
       Falchion          |       |       |       |     2 ||     2
       Scimitar          |       |       |       |   304 ||   304
 Cast: Magic Dart        |    17 |       |     1 |       ||    18
       Sticks to Snakes  |     1 |       |    32 |    65 ||    98
       Blink             |       |       |     2 |    10 ||    12
Evoke: Wand              |       |       |     3 |     3 ||     6
  Use: Potion            |    11 |    19 |    17 |    36 ||    83
       Scroll            |     3 |     4 |     6 |    20 ||    33
 Stab: Sleeping          |     2 |     7 |     2 |    10 ||    21
       Distracted        |       |       |     4 |     3 ||     7
Armor: Robe              |    21 |     8 |       |       ||    29
       Skin              |     8 |       |       |       ||     8
       Ring mail         |       |    27 |   100 |   158 ||   285
Dodge: Dodged            |    67 |    77 |   207 |   447 ||   798
Block: Other             |     6 |    12 |    15 |    39 ||    72
       Reflection        |     1 |     1 |       |     2 ||     4
       Rpst.: Scimitar   |       |       |       |    76 ||    76
